 Dungeon Crawl Stone Soup version 0.30.0-20-g3615ddf2f0 (webtiles) character file.

Game seed: 13445069325187679186

81092 qw the Severer (level 15, -17/98 HPs)
             Began as a Gargoyle Fighter on June 1, 2023.
             Was an Elder of Okawaru.
             Demolished by Rupert
             ... wielding a +5 heavy great mace
              (42 damage)
             ... on level 15 of the Dungeon.
             The game lasted 00:11:54 (19649 turns).

qw the Severer (Gargoyle Fighter)                  Turns: 19649, Time: 00:11:54

Health: -17/98     AC: 37    Str: 24    XL:     15   Next: 69%
Magic:  22/22      EV: 14    Int: 15    God:    Okawaru [****..]
Gold:   1089       SH:  6    Dex:  8    Spells: 14/14 levels left

rFire   + . .        t - +0 broad axe (vamp)
rCold   + . .        c - +0 buckler
rNeg    + + .        m - +0 plate armour
rPois   inf          b - +1 helmet
rElec   +            a - scarf {rC+ rF+}
rCorr   .            p - +0 pair of gloves of Nouru Feptu {rN+}
SInv    +            x - +2 pair of boots
Will    +....        B - amulet of regeneration Stlth
                     o - +5 ring of evasion
HPRegen 1.16/turn    u - ring of see invisible
MPRegen 0.18/turn

%: no passive effects
@: about to teleport, heroic, flying
A: sickness immunity, AC +11, big wings, negative energy resistance 1,
electricity resistance, torment resistance 1, petrification resistance, hooves
1, clever 1
a: Renounce Religion, Heroism, Finesse


You were on level 15 of the Dungeon.
You worshipped Okawaru.
Okawaru was greatly pleased with you.
You visited 3 branches of the dungeon, and saw 21 of its levels.
You visited the Abyss 1 time.

You collected 1089 gold pieces.


Innate Abilities, Weirdness & Mutations

You are immune to sickness and miasma.
Your stone body is resilient. (AC +11)
You are immune to poison.
Your large and strong wings let you fly.
You resist negative energy. (rN+)
You are resistant to electric shocks. (rElec)
You are resistant to unholy torment.
You are immune to petrification.
You have large cloven feet.
Your mind is acute. (Int +4, Str/Dex -1)


   Skills:
 - Level 13.0(18.0) Fighting
 + Level 17.2(22.2) Axes
 - Level 5.2(10.2) Throwing
 - Level 12.0(17.0) Armour
 - Level 3.1(8.1) Dodging
 - Level 8.1(13.1) Shields
 - Level 10.0 Invocations


You had 14 spell levels left.
You didn't know any spells.
Your spell library was empty.

Inventory:

Hand Weapons
 i - a +1 heavy flail
 t - a +0 vampiric broad axe (weapon)
 y - a +1 broad axe of electrocution
Missiles
 w - 4 boomerangs (quivered)
Armour
 a - a scarf of resistance (worn)
 b - a +1 helmet (worn)
 c - a +0 buckler (worn)
 m - a +0 plate armour (worn)
 p - the +0 pair of gloves of Nouru Feptu (worn) {rN+}
   (You found it on level 4 of the Dungeon)

   rN:        It protects you from negative energy.
 x - a +2 pair of boots (worn)
 A - a +1 cloak
Jewellery
 o - a +5 ring of evasion (left hand)
 s - a ring of ice
 u - a ring of see invisible (right hand)
 B - an amulet of regeneration (around neck)
 C - a ring of protection from fire
 E - a +6 ring of dexterity
Wands
 f - a wand of digging (1)
Scrolls
 h - a scroll of enchant weapon {unknown}
 j - 6 scrolls of identify
 l - 9 scrolls of teleportation
 r - 2 scrolls of brand weapon
Potions
 d - 5 potions of might
 e - 4 potions of curing
 g - a potion of attraction
 k - 4 potions of haste
 n - 4 potions of mutation
 q - 11 potions of heal wounds
 v - 3 potions of lignification
 z - 2 potions of magic
 D - a potion of resistance

Dungeon Overview and Level Annotations

Branches:
Dungeon (15/15)            Temple (1/1) D:4            Lair (5/5) D:9
 Shoals (0/4) Lair:3       Spider (0/4) Lair:2        Slime (0/5) Lair:4
    Orc (0/2) D:12         Vaults (0/5) D:13         Depths (0/4) D:15

Altars:
Ashenzari
Cheibriados
Dithmenos
Elyvilon
Fedhas
Gozag
Hepliaklqana
Kikubaaqudgha
Makhleb
Nemelex Xobeh
Okawaru
Qazlal
Ru
Sif Muna
Trog
Uskayaw
Vehumet
Wu Jian
Xom
Yredelemnul
Zin
The Shining One

Shops:
D:5 :

Portals:
Trove: D:10 (give +5 demon trident)

Annotations:
D:4 4 runed translucent doors
D:6 1 runed translucent door, qw's ghost, novice GrFi
D:7 3 runed translucent doors, qw's ghost, novice GrFi
D:15 Rupert
Lair:5 2 transporters, qw's ghost, journeyman GrFi


Message History

You hit Rupert. Rupert roars wildly at you.
You suddenly lose the ability to move!
The boulder beetle bites you but does no damage.
Rupert hits you but does no damage.
The boulder beetle bites you but does no damage.
The boulder beetle leaps!
You can move again.
You barely miss Rupert.
Rupert is lightly wounded.
Rupert roars madly and goes into a rage!
Rupert goes berserk!
You hit Rupert but do no damage.
Rupert is lightly wounded.
Rupert hits you with a +5 heavy great mace.
You closely miss Rupert.
Rupert is lightly wounded.
Rupert closely misses you.
You barely miss Rupert.
Rupert is lightly wounded.
You slice Rupert!!
You feel better.
Rupert is moderately wounded.
You block Rupert's attack.
You hit Rupert but do no damage.
Rupert is moderately wounded.
Rupert misses you.
You slash Rupert!
Rupert is moderately wounded.
You cut Rupert into ribbons!!!
Rupert is heavily wounded.
Rupert hits you with a +5 heavy great mace!!!
You hit Rupert.
You feel better.
Rupert is heavily wounded.
Rupert hits you with a +5 heavy great mace!!
19649 ||| READING 10 scrolls of teleportation.
As you read the scroll of teleportation, it crumbles to dust.
You feel strangely unstable. The boulder beetle closely misses you.
Rupert hits you with a +5 heavy great mace!!!
You die...

#
#.........#
#.# #
#.........#
#.# #
#.........#
#.# #
#.........#
#.# # #.# #
#...... #.#
# #.....
#.# # #....
...####.# #
#...#
(......@# #
#...#
......@B# #
#...#
........#
###...#
........#
......#
........#
......#
........#
......#
........#
......#
........#
......#
....


You could see Rupert (berserk) and a boulder beetle.

Vanquished Creatures
  Kirke (D:12)
  Roxanne (D:15)
  A dire elephant (D:15)
  An entropy weaver (shapeshifter) (D:15)
  A yaktaur captain (D:13)
  3 hydras
  Erolcha (D:11)
  An ogre mage (D:15)
  4 centaur warriors
  2 catoblepae
  3 boulder beetles
  7 two-headed ogres
  A deep troll shaman (Lair:5)
  21 death yaks
  2 lindwurms (Lair:5)
  2 wizards
  3 harpies (Lair:3)
  An oklob plant (Lair:2)
  3 deep elf pyromancers
  11 ugly things
  3 manticores
  5 cyclopes
  A salamander (D:15)
  A black mamba (Lair:1)
  10 elephants (Lair:5)
  13 cane toads
  7 komodo dragons
  A freezing wraith (D:14)
  A rime drake (shapeshifter) (D:15)
  A rime drake (Lair:5)
  3 yaktaurs
  A komodo dragon (shapeshifter) (D:13)
  A queen bee (Lair:4)
  2 trolls
  6 meliai
  3 polar bears
  13 blink frogs
  2 hornets
  9 slime creatures
  7 dream sheep (Lair:5)
  2 shadows
  3 wraiths
  A vampire (D:13)
  3 wyverns
  3 hogs (D:12)
  Grum (D:9)
  3 basilisks
  A neqoxec (Abyss:2)
  42 yaks
  7 vampire mosquitoes
  3 steam dragons
  3 wargs
  An acid dragon (D:12)
  10 water moccasins
  Duvessa (D:7)
  A swamp drake (Lair:3)
  5 orc warriors
  3 black bears
  4 ice beasts
  4 ogres (D:15)
  24 wolves
  8 centaurs
  A phantom (D:7)
  7 bullfrogs
  3 kobold brigands
  3 scorpions (D:6)
  2 gnoll sergeants
  19 wights
  Dowan (D:7)
  38 killer bees
  2 howler monkeys (D:7)
  5 jellies
  7 orc priests
  3 gnoll boudas
  5 hounds
  7 sleepcaps
  Jessica (D:2)
  14 iguanas
  14 orc wizards
  A mummy (D:11)
  23 gnolls
  17 adders
  A shadow imp (D:7)
  3 worms
  A dart slug (D:2)
  52 orcs
  7 ball pythons
  2 bats
  8 endoplasms
  5 giant cockroaches
  6 goblins
  9 hobgoblins
  8 jackals
  20 kobolds
  4 quokkas
  15 frilled lizards
  9 rats
616 creatures vanquished.

Vanquished Creatures (others)
  2 iguanas (Lair:3)
  2 frilled lizards (Lair:3)
4 creatures vanquished.

Grand Total: 620 creatures vanquished

Notes
Turn   | Place    | Note
-------+----------+-------------------------------------------
     0 | D:1      | qw the Gargoyle Fighter began the quest for the Orb.
     0 | D:1      | Reached XP level 1. HP: 14/14 MP: 1/1
     0 | D:1      | 0 ||| qw: Version: 0.2-a-102-gdf20003
     0 | D:1      | 0 ||| qw: Game counter: 678
     0 | D:1      | 0 ||| qw: Always use a shield: true
     0 | D:1      | 0 ||| qw: God list: Okawaru
     0 | D:1      | 0 ||| qw: Allow faded altars: false
     0 | D:1      | 0 ||| qw: Do Orc after D:15 true
     0 | D:1      | 0 ||| qw: Do second Lair branch before Depths: true
     0 | D:1      | 0 ||| qw: Lair rune preference: random
     0 | D:1      | 0 ||| qw: Plans: Normal, Zot:1-4, Slime:5, God:TSO, Crypt,
                  | Tomb, Pan, Hells, Abyss, Win
     0 | D:1      | 0 ||| PLANNING D:1-11
    44 | D:1      | Reached skill level 2 in Axes
    73 | D:1      | 73 ||| Stepping ~*~*~tactically~*~*~ (stealth).
    86 | D:1      | Reached XP level 2. HP: 17/19 MP: 2/2
    86 | D:1      | 86 ||| Stepping ~*~*~tactically~*~*~ (hiding).
   187 | D:1      | 187 ||| Stepping ~*~*~tactically~*~*~ (hiding).
   191 | D:1      | Reached skill level 3 in Axes
   323 | D:1      | Reached XP level 3. HP: 23/23 MP: 3/3
   551 | D:1      | 551 ||| READING scroll labelled TUWASU IRAG.
   552 | D:1      | 552 ||| READING scroll labelled PUNAVA DICHYTU.
   553 | D:1      | 553 ||| READING scroll labelled MUSIEK ODEQU.
   600 | D:2      | 600 ||| DROPPING +0 club.
   630 | D:2      | 630 ||| Stepping ~*~*~tactically~*~*~ (stealth).
   632 | D:2      | 632 ||| Stepping ~*~*~tactically~*~*~ (stealth).
   719 | D:2      | 719 ||| Stepping ~*~*~tactically~*~*~ (hiding).
   721 | D:2      | 721 ||| Stepping ~*~*~tactically~*~*~ (hiding).
   730 | D:2      | Reached XP level 4. HP: 28/28 MP: 4/4
   863 | D:2      | Noticed Jessica
   867 | D:2      | Killed Jessica
   868 | D:2      | Reached skill level 4 in Axes
   910 | D:2      | Reached XP level 5. HP: 25/32 MP: 5/5
  1088 | D:2      | 1088 ||| DROPPING orb of light.
  1089 | D:2      | 1089 ||| READING scroll labelled ONUS YFFOCOUHA.
  1090 | D:2      | 1090 ||| READING scroll labelled ZASKEALO UNITA.
  1091 | D:2      | 1091 ||| DRINKING 2 orange potions.
  1092 | D:2      | 1092 ||| DRINKING 2 lumpy yellow potions.
  1093 | D:2      | 1093 ||| READING 3 scrolls of identify.
  1093 | D:2      | 1093 ||| IDENTIFYING pink potion
  1094 | D:2      | 1094 ||| READING 2 scrolls of identify.
  1094 | D:2      | 1094 ||| IDENTIFYING smoky white potion
  1095 | D:2      | 1095 ||| DROPPING potion of brilliance.
  1096 | D:2      | 1096 ||| DROPPING potion of flight.
  1127 | D:3      | 1127 ||| Stepping ~*~*~tactically~*~*~ (stealth).
  1296 | D:3      | Reached skill level 5 in Axes
  1306 | D:3      | 1306 ||| Stepping ~*~*~tactically~*~*~ (stealth).
  1437 | D:3      | Found an opulent altar of Gozag.
  1494 | D:3      | Found a glowing silver altar of Zin.
  1529 | D:3      | 1529 ||| READING scroll of brand weapon.
  1529 | D:3      | 1529 ||| BRANDING +0 war axe of protection.
  1573 | D:3      | Identified the +9 hand axe of Scorn {heavy, Fly rF+ Str+4}
  1575 | D:3      | 1575 ||| SWAPPING to +9 hand axe of Scorn {heavy, Fly rF+
                  | Str+4}.
  1628 | D:3      | Found a faded altar of an unknown god.
  1869 | D:4      | Found a staircase to the Ecumenical Temple.
  1870 | D:4      | 1870 ||| PLANNING TEMPLE
  1944 | D:4      | Reached skill level 1 in Dodging
  2023 | D:4      | 2023 ||| Stepping ~*~*~tactically~*~*~ (stealth).
  2025 | D:4      | 2025 ||| Stepping ~*~*~tactically~*~*~ (stealth).
  2031 | D:4      | 2031 ||| Stepping ~*~*~tactically~*~*~ (hiding).
  2036 | D:4      | Reached XP level 6. HP: 36/38 MP: 6/6
  2198 | D:4      | 2198 ||| DROPPING +0 whip.
  2314 | D:4      | Found a large runed translucent door.
  2314 | D:4      | Found a large runed translucent door.
  2319 | D:4      | Noticed an orc warrior
  2330 | D:4      | Found a large runed translucent door.
  2330 | D:4      | Found a large runed translucent door.
  2336 | D:4      | Found a blossoming altar of Fedhas.
  2338 | D:4      | Found a radiant altar of Vehumet.
  2338 | D:4      | Found a white marble altar of Elyvilon.
  2340 | D:4      | Found a shimmering altar of Xom.
  2340 | D:4      | Found a burning altar of Makhleb.
  2340 | D:4      | Found an ornate altar of the Wu Jian Council.
  2500 | D:4      | Reached skill level 6 in Axes
  2507 | D:4      | Reached XP level 7. HP: 33/43 MP: 7/7
  2799 | D:4      | 2799 ||| Stepping ~*~*~tactically~*~*~ (stealth).
  2802 | D:4      | 2802 ||| Stepping ~*~*~tactically~*~*~ (stealth).
  2924 | D:4      | Identified the +0 pair of gloves of Nouru Feptu {rN+}
  3309 | D:4      | 3309 ||| UPGRADING to +0 pair of gloves.
  3314 | D:4      | 3314 ||| UPGRADING to +0 pair of gloves of Nouru Feptu
                  | {rN+}.
  3324 | D:4      | 3324 ||| DROPPING +0 pair of gloves.
  3325 | D:4      | 3325 ||| UPGRADING to amulet of guardian spirit.
  3330 | D:4      | 3330 ||| READING scroll labelled EFECUI GYTRERCHE.
  3356 | D:4      | 3356 ||| READING 3 scrolls labelled YWUTUJU NAGE.
  3357 | D:4      | 3357 ||| READING scroll labelled HUKONL GOSHRAU.
  3358 | D:4      | 3358 ||| READING 3 scrolls of identify.
  3358 | D:4      | 3358 ||| IDENTIFYING bubbling purple potion
  3359 | D:4      | 3359 ||| READING 2 scrolls of identify.
  3359 | D:4      | 3359 ||| IDENTIFYING brown potion
  3360 | D:4      | 3360 ||| DROPPING 2 scrolls of vulnerability.
  3442 | D:3      | 3442 ||| STAIRDANCE
  3462 | D:4      | 3462 ||| STAIRDANCE
  3508 | Temple   | Entered the Ecumenical Temple
  3555 | Temple   | 3555 ||| PLANNING OKAWARU WORSHIP
  3589 | Temple   | Became a worshipper of Warmaster Okawaru
  3589 | Temple   | 3589 ||| PLANNING D:1-11
  3590 | Temple   | 3590 ||| REMOVING amulet of guardian spirit.
  3595 | Temple   | 3595 ||| DROPPING amulet of guardian spirit.
  3711 | D:5      | Entered Level 5 of the Dungeon
  3741 | D:5      | Reached skill level 7 in Axes
  3778 | D:5      | 3778 ||| Stepping ~*~*~tactically~*~*~ (stealth).
  3787 | D:5      | 3787 ||| FLEEEEING.
  3790 | D:5      | 3790 ||| FLEEEEING.
  3791 | D:5      | 3791 ||| FLEEEEING.
  3792 | D:5      | 3792 ||| FLEEEEING.
  3793 | D:5      | 3793 ||| FLEEEEING.
  3794 | D:5      | 3794 ||| FLEEEEING.
  3795 | D:5      | 3795 ||| FLEEEEING.
  3796 | D:5      | 3796 ||| FLEEEEING.
  3797 | D:5      | 3797 ||| FLEEEEING.
  3798 | D:5      | 3798 ||| FLEEEEING.
  3799 | D:5      | 3799 ||| FLEEEEING.
  3800 | D:5      | 3800 ||| FLEEEEING.
  3801 | D:5      | 3801 ||| FLEEEEING.
  3802 | D:5      | 3802 ||| FLEEEEING.
  3803 | D:5      | 3803 ||| FLEEEEING.
  3805 | D:5      | 3805 ||| FLEEEEING.
  3806 | D:5      | 3806 ||| FLEEEEING.
  3807 | D:5      | 3807 ||| FLEEEEING.
  3808 | D:5      | 3808 ||| FLEEEEING.
  3809 | D:5      | 3809 ||| FLEEEEING.
  3810 | D:5      | 3810 ||| FLEEEEING.
  3811 | D:5      | 3811 ||| STAIRDANCE
  3852 | D:5      | 3852 ||| STAIRDANCE
  3858 | D:4      | Reached XP level 8. HP: 36/50 MP: 8/8
  3958 | D:5      | 3958 ||| Stepping ~*~*~tactically~*~*~ (hiding).
  4014 | D:5      | 4014 ||| Stepping ~*~*~tactically~*~*~ (hiding).
  4022 | D:5      | 4022 ||| Stepping ~*~*~tactically~*~*~ (hiding).
  4116 | D:5      | 4116 ||| Stepping ~*~*~tactically~*~*~ (stealth).
  4246 | D:5      | Reached skill level 8 in Axes
  4251 | D:5      | Reached * piety under Okawaru
  4405 | D:5      | Found Rymewnaw's Tremendous Tomes.
  4471 | D:5      | Found a hide-covered altar of Uskayaw.
  4493 | D:5      | 4493 ||| UPGRADING to +0 chain mail.
  4503 | D:5      | 4503 ||| DROPPING +0 scale mail.
  4504 | D:5      | 4504 ||| UPGRADING to +1 hat.
  4509 | D:5      | 4509 ||| READING scroll labelled NIETUTZ DITITA.
  4513 | D:5      | 4513 ||| READING scroll labelled AGGENU XECEGH.
  4514 | D:5      | 4514 ||| READING scroll labelled BAID QIRETHRAIN.
  4537 | D:6      | Reached skill level 6 in Fighting
  4568 | D:6      | Reached skill level 1 in Invocations
  4593 | D:6      | 4593 ||| INVOKING Heroism.
  4618 | D:6      | 4618 ||| Stepping ~*~*~tactically~*~*~ (hiding).
  4652 | D:6      | 4652 ||| FLEEEEING.
  4658 | D:6      | 4658 ||| FLEEEEING.
  4659 | D:6      | 4659 ||| FLEEEEING.
  4660 | D:6      | 4660 ||| STAIRDANCE
  4762 | D:5      | 4762 ||| UPGRADING to +1 helmet.
  4772 | D:5      | 4772 ||| DROPPING +1 hat.
  4773 | D:5      | 4773 ||| UPGRADING to +5 ring of evasion.
  4774 | D:5      | 4774 ||| READING scroll labelled WAUBBI VULY.
  4780 | D:6      | Reached skill level 3 in Invocations
  4781 | D:6      | 4781 ||| STAIRDANCE
  4783 | D:5      | 4783 ||| INVOKING Heroism.
  4791 | D:5      | Reached XP level 9. HP: 41/55 MP: 9/12
  4988 | D:6      | 4988 ||| FLEEEEING.
  4989 | D:6      | 4989 ||| FLEEEEING.
  4993 | D:6      | 4993 ||| Stepping ~*~*~tactically~*~*~ (hiding).
  4996 | D:6      | 4996 ||| INVOKING Heroism.
  5146 | D:6      | 5146 ||| Stepping ~*~*~tactically~*~*~ (stealth).
  5147 | D:6      | 5147 ||| Stepping ~*~*~tactically~*~*~ (stealth).
  5148 | D:6      | 5148 ||| Stepping ~*~*~tactically~*~*~ (stealth).
  5149 | D:6      | 5149 ||| Stepping ~*~*~tactically~*~*~ (stealth).
  5223 | D:6      | 5223 ||| INVOKING Heroism.
  5229 | D:6      | Reached skill level 9 in Axes
  5353 | D:6      | Found a runed translucent door.
  5354 | D:6      | Noticed qw's ghost (novice GrFi)
  5849 | D:6      | 5849 ||| UPGRADING to +0 pair of boots.
  5854 | D:6      | 5854 ||| READING 2 scrolls of identify.
  5854 | D:6      | 5854 ||| IDENTIFYING murky yellow potion
  5855 | D:6      | 5855 ||| DROPPING potion of berserk rage.
  5932 | D:7      | 5932 ||| DROPPING +0 flail.
  5935 | D:7      | 5935 ||| INVOKING Heroism.
  6043 | D:7      | 6043 ||| Stepping ~*~*~tactically~*~*~ (stealth).
  6052 | D:7      | 6052 ||| Stepping ~*~*~tactically~*~*~ (stealth).
  6055 | D:7      | 6055 ||| Stepping ~*~*~tactically~*~*~ (stealth).
  6061 | D:7      | 6061 ||| Stepping ~*~*~tactically~*~*~ (stealth).
  6062 | D:7      | 6062 ||| Stepping ~*~*~tactically~*~*~ (stealth).
  6080 | D:7      | Noticed Dowan
  6081 | D:7      | 6081 ||| INVOKING Heroism.
  6082 | D:7      | Found a runed translucent gate.
  6082 | D:7      | Noticed a troll
  6082 | D:7      | Noticed qw's ghost (novice GrFi)
  6083 | D:7      | Found a runed translucent gate.
  6084 | D:7      | Found a runed translucent gate.
  6086 | D:7      | Killed Dowan
  6086 | D:7      | Noticed Duvessa
  6094 | D:7      | Killed Duvessa
  6097 | D:7      | 6097 ||| Stepping ~*~*~tactically~*~*~ (hiding).
  6098 | D:7      | 6098 ||| Stepping ~*~*~tactically~*~*~ (hiding).
  6503 | D:7      | 6503 ||| INVOKING Heroism.
  6788 | D:7      | 6788 ||| UPGRADING to +0 plate armour.
  6798 | D:7      | 6798 ||| DROPPING +0 chain mail.
  6815 | D:8      | 6815 ||| INVOKING Heroism.
  6834 | D:8      | Found the +7 mace of Variability {chaos, chaos arc}
  6878 | D:8      | Reached skill level 6 in Armour
  6895 | D:8      | 6895 ||| INVOKING Heroism.
  6973 | D:8      | Reached XP level 10. HP: 63/63 MP: 13/13
  6976 | D:8      | Reached skill level 10 in Axes
  7135 | D:8      | 7135 ||| Stepping ~*~*~tactically~*~*~ (stealth).
  7137 | D:8      | 7137 ||| Stepping ~*~*~tactically~*~*~ (stealth).
  7186 | D:8      | 7186 ||| INVOKING Heroism.
  7210 | D:8      | 7210 ||| FLEEEEING.
  7211 | D:8      | 7211 ||| FLEEEEING.
  7214 | D:8      | 7214 ||| FLEEEEING.
  7215 | D:8      | 7215 ||| STAIRDANCE
  7286 | D:7      | 7286 ||| DRINKING 2 amethyst potions.
  7355 | D:8      | Found a stormy altar of Qazlal.
  7357 | D:8      | 7357 ||| Stepping ~*~*~tactically~*~*~ (hiding).
  7359 | D:8      | 7359 ||| Stepping ~*~*~tactically~*~*~ (hiding).
  7446 | D:8      | 7446 ||| DROPPING +4 flail.
  7454 | D:8      | Found a blossoming altar of Fedhas.
  7473 | D:8      | 7473 ||| Stepping ~*~*~tactically~*~*~ (stealth).
  7481 | D:8      | Reached ** piety under Okawaru
  7757 | D:8      | 7757 ||| Stepping ~*~*~tactically~*~*~ (hiding).
  8036 | D:9      | 8036 ||| Stepping ~*~*~tactically~*~*~ (stealth).
  8259 | D:9      | 8259 ||| Stepping ~*~*~tactically~*~*~ (hiding).
  8261 | D:9      | 8261 ||| Stepping ~*~*~tactically~*~*~ (stealth).
  8274 | D:9      | 8274 ||| Stepping ~*~*~tactically~*~*~ (hiding).
  8295 | D:9      | Found an ancient bone altar of Kikubaaqudgha.
  8296 | D:9      | 8296 ||| Stepping ~*~*~tactically~*~*~ (stealth).
  8341 | D:9      | 8341 ||| Stepping ~*~*~tactically~*~*~ (hiding).
  8371 | D:9      | 8371 ||| Stepping ~*~*~tactically~*~*~ (stealth).
  8373 | D:9      | 8373 ||| Stepping ~*~*~tactically~*~*~ (hiding).
  8410 | D:9      | Noticed Grum
  8411 | D:9      | 8411 ||| INVOKING Heroism.
  8418 | D:9      | Killed Grum
  8419 | D:9      | Reached skill level 11 in Axes
  8424 | D:9      | 8424 ||| Stepping ~*~*~tactically~*~*~ (hiding).
  8425 | D:9      | 8425 ||| Stepping ~*~*~tactically~*~*~ (hiding).
  8427 | D:9      | 8427 ||| Stepping ~*~*~tactically~*~*~ (hiding).
  8441 | D:9      | 8441 ||| Stepping ~*~*~tactically~*~*~ (stealth).
  8450 | D:9      | 8450 ||| Stepping ~*~*~tactically~*~*~ (hiding).
  8451 | D:9      | Found a staircase to the Lair.
  8458 | D:9      | Reached *** piety under Okawaru
  8728 | D:9      | 8728 ||| PLANNING LAIR
  8728 | D:9      | 8728 ||| DROPPING amulet of magic regeneration.
  8752 | Lair:1   | Entered Level 1 of the Lair of Beasts
  8758 | Lair:1   | 8758 ||| INVOKING Heroism.
  8822 | Lair:1   | Reached XP level 11. HP: 69/69 MP: 14/14
  8934 | Lair:1   | 8934 ||| INVOKING Heroism.
  8942 | Lair:1   | Reached skill level 9 in Fighting
  8953 | Lair:1   | Found a frozen archway.
  8969 | Lair:1   | Identified the +5 falchion "Onuif" {flame, rPois rF+ Str+4
                  | Dex-5}
  8983 | Lair:1   | 8983 ||| INVOKING Heroism.
  9076 | Lair:1   | 9076 ||| INVOKING Heroism.
  9173 | Lair:1   | 9173 ||| INVOKING Heroism.
  9176 | Lair:1   | Reached **** piety under Okawaru
  9297 | Lair:1   | 9297 ||| INVOKING Heroism.
  9301 | Lair:1   | Reached skill level 12 in Axes
  9384 | Lair:1   | 9384 ||| DROPPING +0 war axe of freezing.
  9669 | Lair:1   | 9669 ||| DRINKING 2 fizzy emerald potions.
  9670 | Lair:1   | 9670 ||| DRINKING 3 potions of curing.
  9670 | Lair:1   | 9670 ||| (to cure confusion)
  9671 | Lair:1   | 9671 ||| DROPPING potion of ambrosia.
  9713 | Lair:2   | 9713 ||| Stepping ~*~*~tactically~*~*~ (stealth).
  9736 | Lair:2   | 9736 ||| Stepping ~*~*~tactically~*~*~ (stealth).
  9739 | Lair:2   | 9739 ||| Stepping ~*~*~tactically~*~*~ (stealth).
  9740 | Lair:2   | 9740 ||| INVOKING Heroism.
  9752 | Lair:2   | Received a gift from Okawaru
  9798 | Lair:2   | Noticed an oklob plant
  9799 | Lair:2   | 9799 ||| INVOKING Heroism.
  9807 | Lair:2   | Reached skill level 1 in Throwing
  9807 | Lair:2   | Reached skill level 6 in Invocations
  9826 | Lair:2   | HP: 5/71 [oklob plant/splash of acid (17)]
  9827 | Lair:2   | 9827 ||| READING 6 scrolls of teleportation.
  9828 | Lair:2   | 9828 ||| DRINKING 9 potions of heal wounds.
  9990 | Lair:2   | 9990 ||| INVOKING Heroism.
 10091 | Lair:2   | 10091 ||| INVOKING Heroism.
 10159 | Lair:2   | 10159 ||| INVOKING Heroism.
 10170 | Lair:2   | Killed an oklob plant
 10297 | Lair:2   | 10297 ||| Stepping ~*~*~tactically~*~*~ (stealth).
 10298 | Lair:2   | 10298 ||| Stepping ~*~*~tactically~*~*~ (stealth).
 10299 | Lair:2   | 10299 ||| INVOKING Heroism.
 10302 | Lair:2   | Reached skill level 3 in Throwing
 10302 | Lair:2   | Reached XP level 12. HP: 76/76 MP: 14/17
 10320 | Lair:2   | Reached skill level 9 in Armour
 10376 | Lair:2   | Noticed an eight-headed hydra
 10377 | Lair:2   | 10377 ||| INVOKING Heroism.
 10379 | Lair:2   | 10379 ||| SWAPPING to +1 heavy flail.
 10382 | Lair:2   | Killed an eight-headed hydra
 10383 | Lair:2   | 10383 ||| SWAPPING to +9 hand axe of Scorn {heavy, Fly rF+
                  | Str+4}.
 10431 | Lair:2   | 10431 ||| Stepping ~*~*~tactically~*~*~ (stealth).
 10433 | Lair:2   | 10433 ||| Stepping ~*~*~tactically~*~*~ (stealth).
 10437 | Lair:2   | Received a gift from Okawaru
 10478 | Lair:2   | You are sucked into a shaft and drop 2 floors!
 10508 | Lair:4   | Noticed a death yak
 10509 | Lair:4   | 10509 ||| INVOKING Heroism.
 10511 | Lair:4   | Noticed a death yak
 10512 | Lair:4   | Noticed a death yak
 10516 | Lair:4   | Killed a death yak
 10517 | Lair:4   | Reached skill level 6 in Shields
 10529 | Lair:4   | Killed a death yak
 10529 | Lair:4   | Reached ***** piety under Okawaru
 10529 | Lair:4   | Killed a death yak
 10649 | Lair:4   | 10649 ||| READING 3 scrolls of identify.
 10649 | Lair:4   | 10649 ||| IDENTIFYING sedimented orange potion
 10650 | Lair:4   | 10650 ||| DROPPING potion of degeneration.
 10941 | Lair:2   | Found a hole to the Spider Nest.
 11238 | Lair:3   | Reached skill level 9 in Invocations
 11430 | Lair:3   | Found a staircase to the Shoals.
 11443 | Lair:3   | 11443 ||| INVOKING Heroism.
 11450 | Lair:3   | 11450 ||| Stepping ~*~*~tactically~*~*~ (stealth).
 11562 | Lair:3   | Received a gift from Okawaru
 11580 | Lair:3   | Noticed a death yak
 11581 | Lair:3   | 11581 ||| INVOKING Heroism.
 11582 | Lair:3   | 11582 ||| INVOKING Finesse.
 11582 | Lair:3   | Noticed a death yak
 11583 | Lair:3   | 11583 ||| Stepping ~*~*~tactically~*~*~ (stealth).
 11585 | Lair:3   | Noticed a death yak
 11586 | Lair:3   | Noticed a death yak
 11591 | Lair:3   | Noticed a death yak
 11593 | Lair:3   | Killed a death yak
 11599 | Lair:3   | Killed a death yak
 11607 | Lair:3   | Killed a death yak
 11613 | Lair:3   | Killed a death yak
 11619 | Lair:3   | Killed a death yak
 11620 | Lair:3   | Reached skill level 13 in Axes
 11749 | Lair:3   | Reached XP level 13. HP: 71/82 MP: 20/20
 11878 | Lair:3   | 11878 ||| Stepping ~*~*~tactically~*~*~ (stealth).
 11884 | Lair:3   | 11884 ||| INVOKING Heroism.
 11919 | Lair:3   | 11919 ||| Stepping ~*~*~tactically~*~*~ (stealth).
 11923 | Lair:3   | 11923 ||| INVOKING Heroism.
 12019 | Lair:3   | 12019 ||| Stepping ~*~*~tactically~*~*~ (hiding).
 12023 | Lair:3   | 12023 ||| INVOKING Heroism.
 12036 | Lair:3   | 12036 ||| Stepping ~*~*~tactically~*~*~ (stealth).
 12089 | Lair:3   | 12089 ||| Stepping ~*~*~tactically~*~*~ (stealth).
 12091 | Lair:3   | 12091 ||| Stepping ~*~*~tactically~*~*~ (stealth).
 12092 | Lair:3   | 12092 ||| Stepping ~*~*~tactically~*~*~ (stealth).
 12094 | Lair:3   | 12094 ||| INVOKING Heroism.
 12320 | Lair:3   | 12320 ||| INVOKING Heroism.
 12340 | Lair:3   | Received a gift from Okawaru
 12551 | Lair:4   | 12551 ||| Stepping ~*~*~tactically~*~*~ (stealth).
 12565 | Lair:4   | Found a staircase to the Slime Pits.
 12717 | Lair:4   | 12717 ||| INVOKING Heroism.
 12718 | Lair:4   | 12718 ||| Stepping ~*~*~tactically~*~*~ (stealth).
 12832 | Lair:4   | 12832 ||| Stepping ~*~*~tactically~*~*~ (stealth).
 12846 | Lair:4   | Reached skill level 14 in Axes
 12850 | Lair:4   | Received a gift from Okawaru
 12898 | Lair:4   | 12898 ||| INVOKING Heroism.
 12932 | Lair:4   | 12932 ||| INVOKING Heroism.
 13377 | Lair:4   | 13377 ||| UPGRADING to scarf of resistance.
 13382 | Lair:4   | 13382 ||| UPGRADING to +2 pair of boots.
 13392 | Lair:4   | 13392 ||| DROPPING +0 pair of boots.
 13393 | Lair:4   | 13393 ||| UPGRADING to ring of protection from fire.
 13394 | Lair:4   | 13394 ||| SWAPPING to +0 broad axe.
 13395 | Lair:4   | 13395 ||| READING 3 scrolls of brand weapon.
 13395 | Lair:4   | 13395 ||| BRANDING +0 broad axe.
 13396 | Lair:4   | 13396 ||| READING 2 scrolls of brand weapon.
 13396 | Lair:4   | 13396 ||| BRANDING +0 broad axe of protection.
 13431 | Lair:5   | Entered Level 5 of the Lair of Beasts
 13440 | Lair:5   | 13440 ||| INVOKING Heroism.
 13441 | Lair:5   | 13441 ||| INVOKING Finesse.
 13553 | Lair:5   | Found a transporter.
 13559 | Lair:5   | 13559 ||| INVOKING Heroism.
 13559 | Lair:5   | Noticed qw's ghost (journeyman GrFi)
 13600 | Lair:5   | 13600 ||| Stepping ~*~*~tactically~*~*~ (stealth).
 13616 | Lair:5   | 13616 ||| Stepping ~*~*~tactically~*~*~ (stealth).
 13661 | Lair:5   | 13661 ||| INVOKING Heroism.
 13662 | Lair:5   | 13662 ||| INVOKING Finesse.
 13697 | Lair:5   | 13697 ||| INVOKING Heroism.
 13707 | Lair:5   | 13707 ||| Stepping ~*~*~tactically~*~*~ (hiding).
 13755 | Lair:5   | 13755 ||| INVOKING Heroism.
 13756 | Lair:5   | 13756 ||| INVOKING Finesse.
 13864 | Lair:5   | Gained mutation: Your large and strong wings let you fly.
                  | [Gargoyle growth]
 13864 | Lair:5   | Reached XP level 14. HP: 90/90 MP: 21/21
 13874 | Lair:5   | Reached skill level 15 in Axes
 13883 | Lair:5   | 13883 ||| DROPPING +9 hand axe of Scorn {heavy, Fly rF+
                  | Str+4}.
 13922 | Lair:5   | Found a transporter.
 13923 | Lair:5   | 13923 ||| Stepping ~*~*~tactically~*~*~ (stealth).
 14041 | Lair:5   | 14041 ||| INVOKING Heroism.
 14042 | Lair:5   | 14042 ||| INVOKING Finesse.
 14272 | Lair:5   | 14272 ||| Stepping ~*~*~tactically~*~*~ (stealth).
 14283 | Lair:5   | Received a gift from Okawaru
 14291 | Lair:5   | Reached skill level 12 in Fighting
 14435 | Lair:5   | Identified the +8 great sword "Luam Dathro" {heavy, Int+4}
 14536 | Lair:5   | Received a gift from Okawaru
 14638 | Lair:5   | 14638 ||| PLANNING D:1-11
 14638 | Lair:5   | 14638 ||| UPGRADING to ring of see invisible.
 14640 | Lair:5   | 14640 ||| READING 3 scrolls of identify.
 14640 | Lair:5   | 14640 ||| IDENTIFYING bubbling clear potion
 14760 | D:10     | Entered Level 10 of the Dungeon
 14789 | D:10     | Found a shadowy altar of Dithmenos.
 15014 | D:10     | 15014 ||| FLEEEEING.
 15015 | D:10     | 15015 ||| FLEEEEING.
 15222 | D:10     | Found a shimmering blue altar of Sif Muna.
 15235 | D:10     | 15235 ||| DRINKING 7 potions of curing.
 15235 | D:10     | 15235 ||| (to cure confusion)
 15407 | D:10     | Found a portal to a secret trove of treasure.
 15618 | D:11     | 15618 ||| Stepping ~*~*~tactically~*~*~ (stealth).
 15620 | D:11     | 15620 ||| Stepping ~*~*~tactically~*~*~ (hiding).
 15660 | D:11     | Found a snail-covered altar of Cheibriados.
 15677 | D:11     | 15677 ||| Stepping ~*~*~tactically~*~*~ (hiding).
 15710 | D:11     | 15710 ||| Stepping ~*~*~tactically~*~*~ (hiding).
 15732 | D:11     | 15732 ||| INVOKING Heroism.
 15848 | D:11     | 15848 ||| Stepping ~*~*~tactically~*~*~ (hiding).
 15852 | D:11     | Noticed Erolcha
 15853 | D:11     | 15853 ||| INVOKING Heroism.
 15854 | D:11     | 15854 ||| INVOKING Finesse.
 15874 | D:11     | Killed Erolcha
 15942 | D:11     | Received a gift from Okawaru
 16146 | D:11     | 16146 ||| PLANNING D
 16146 | D:11     | 16146 ||| UPGRADING to amulet of regeneration.
 16194 | D:12     | 16194 ||| Stepping ~*~*~tactically~*~*~ (hiding).
 16279 | D:12     | Noticed Kirke
 16280 | D:12     | 16280 ||| Stepping ~*~*~tactically~*~*~ (stealth).
 16282 | D:12     | 16282 ||| INVOKING Heroism.
 16283 | D:12     | 16283 ||| INVOKING Finesse.
 16296 | D:12     | Killed Kirke
 16297 | D:12     | Reached skill level 16 in Axes
 16522 | D:12     | 16522 ||| Stepping ~*~*~tactically~*~*~ (hiding).
 16523 | D:12     | 16523 ||| Stepping ~*~*~tactically~*~*~ (hiding).
 16524 | D:12     | 16524 ||| Stepping ~*~*~tactically~*~*~ (hiding).
 16587 | D:12     | Found a staircase to the Orcish Mines.
 16608 | D:12     | Identified the +1 ring mail of Pride {Rampage Regen+}
 16816 | D:12     | 16816 ||| Stepping ~*~*~tactically~*~*~ (stealth).
 16818 | D:12     | 16818 ||| Stepping ~*~*~tactically~*~*~ (stealth).
 16831 | D:12     | 16831 ||| INVOKING Heroism.
 16845 | D:12     | Received a gift from Okawaru
 17127 | D:12     | 17127 ||| READING scroll labelled QODGHO ANGIREQ.
 17163 | D:13     | 17163 ||| Stepping ~*~*~tactically~*~*~ (hiding).
 17165 | D:13     | 17165 ||| Stepping ~*~*~tactically~*~*~ (hiding).
 17191 | D:13     | Found a gate to the Vaults.
 17195 | D:13     | 17195 ||| Stepping ~*~*~tactically~*~*~ (hiding).
 17197 | D:13     | 17197 ||| INVOKING Heroism.
 17237 | D:13     | 17237 ||| DRINKING 6 potions of curing.
 17237 | D:13     | 17237 ||| (to cure confusion)
 17239 | D:13     | 17239 ||| DRINKING 5 potions of curing.
 17239 | D:13     | 17239 ||| (to cure confusion)
 17372 | D:13     | Reached skill level 12 in Armour
 17372 | D:13     | Reached XP level 15. HP: 96/96 MP: 22/22
 17487 | D:13     | 17487 ||| INVOKING Heroism.
 17503 | D:13     | Reached skill level 3 in Dodging
 17753 | D:14     | 17753 ||| Stepping ~*~*~tactically~*~*~ (hiding).
 17754 | D:14     | 17754 ||| Stepping ~*~*~tactically~*~*~ (hiding).
 17758 | D:14     | 17758 ||| Stepping ~*~*~tactically~*~*~ (hiding).
 17804 | D:14     | 17804 ||| Stepping ~*~*~tactically~*~*~ (stealth).
 17837 | D:14     | Received a gift from Okawaru
 17857 | D:14     | 17857 ||| INVOKING Heroism.
 17903 | D:14     | Found a blossoming altar of Fedhas.
 17924 | D:14     | 17924 ||| Stepping ~*~*~tactically~*~*~ (stealth).
 17955 | D:14     | 17955 ||| INVOKING Heroism.
 17956 | D:14     | 17956 ||| READING 12 scrolls of teleportation.
 18341 | D:14     | Received a gift from Okawaru
 18443 | D:14     | 18443 ||| DROPPING +2 war axe of electrocution.
 18643 | D:14     | 18643 ||| READING 4 scrolls of identify.
 18643 | D:14     | 18643 ||| IDENTIFYING smoky black potion
 18678 | D:15     | Entered Level 15 of the Dungeon
 18684 | D:15     | 18684 ||| Stepping ~*~*~tactically~*~*~ (hiding).
 18685 | D:15     | 18685 ||| Stepping ~*~*~tactically~*~*~ (hiding).
 18695 | Abyss:2  | Cast into level 2 of the Abyss (a wizard)
 18730 | Abyss:2  | Gained mutation: You sometimes lose your temper in combat.
                  | [a neqoxec]
 18737 | Abyss:2  | 18737 ||| DRINKING 4 potions of mutation.
 18737 | Abyss:2  | Lost mutation: You sometimes lose your temper in combat.
                  | [potion of mutation]
 18737 | Abyss:2  | Gained mutation: You have large cloven feet. [potion of
                  | mutation]
 18737 | Abyss:2  | Gained mutation: Your mind is acute. (Int +4, Str/Dex -1)
                  | [potion of mutation]
 18758 | D:15     | Escaped the Abyss
 18766 | D:15     | 18766 ||| INVOKING Heroism.
 18767 | D:15     | 18767 ||| SWAPPING to +1 heavy flail.
 18768 | D:15     | 18768 ||| INVOKING Finesse.
 18769 | D:15     | 18769 ||| Stepping ~*~*~tactically~*~*~ (outnumbered).
 18770 | D:15     | 18770 ||| SWAPPING to +0 vampiric broad axe.
 18791 | D:15     | 18791 ||| SWAPPING to +1 heavy flail.
 18798 | D:15     | 18798 ||| SWAPPING to +0 vampiric broad axe.
 18839 | D:15     | Found a staircase to the Depths.
 18880 | D:15     | 18880 ||| Stepping ~*~*~tactically~*~*~ (hiding).
 18885 | D:15     | 18885 ||| INVOKING Heroism.
 18886 | D:15     | 18886 ||| INVOKING Finesse.
 18891 | D:15     | 18891 ||| SWAPPING to +1 heavy flail.
 18897 | D:15     | Reached skill level 17 in Axes
 18897 | D:15     | 18897 ||| SWAPPING to +0 vampiric broad axe.
 18987 | D:15     | 18987 ||| INVOKING Heroism.
 19044 | D:15     | 19044 ||| Stepping ~*~*~tactically~*~*~ (stealth).
 19058 | D:15     | 19058 ||| INVOKING Heroism.
 19233 | D:15     | 19233 ||| INVOKING Heroism.
 19249 | D:15     | Identified Roxanne's Papyrus of the Cwm
 19249 | D:15     | Noticed Roxanne
 19284 | D:15     | HP: 5/97 [Roxanne/iron shot (25)]
 19285 | D:15     | 19285 ||| READING 11 scrolls of teleportation.
 19286 | D:15     | 19286 ||| DRINKING 12 potions of heal wounds.
 19287 | D:15     | Killed Roxanne
 19341 | D:15     | 19341 ||| INVOKING Heroism.
 19493 | D:15     | 19493 ||| Stepping ~*~*~tactically~*~*~ (hiding).
 19626 | D:15     | Noticed Rupert
 19627 | D:15     | 19627 ||| INVOKING Heroism.
 19628 | D:15     | 19628 ||| DRINKING 5 potions of curing.
 19628 | D:15     | 19628 ||| (to cure confusion)
 19628 | D:15     | Paralysed by Rupert for 3 turns
 19637 | D:15     | Paralysed by Rupert for 2 turns
 19648 | D:15     | HP: 24/98 [Rupert/+5 heavy great mace (33)]
 19649 | D:15     | 19649 ||| READING 10 scrolls of teleportation.
 19649 | D:15     | Demolished by Rupert

Levels and vault maps discovered:
D:1:      dpeg_arrival_ratfight, layout_basic
D:2:      layout_basic, uniq_jessica
D:3:      layout_basic, pdpol_temple_overflow_zin_treasury_gozag_greed,
          nicolae_ecumenical_lake_church
D:4:      minmay_bubble_buster, layout_loops_ring, doesnt_xom_only_xom,
          temple_statues, hangedman_abyss_or_decor_slice,
          minmay_hollow_rounded_squares
D:5:      layout_basic, nicolae_uskayaw_suspiria, hangedman_decor_push,
          nicolae_shop_i_like_big_books,
          hangedman_abyss_or_decor_jellyfish_corner, hellmonk_no_cap
D:6:      black_bear_nest_2, layout_loops_ring, ebering_ghost_inner_flame,
          nicolae_zen_rock_garden
D:7:      layout_basic, gammafunk_ghost_split, uniq_duvessa
D:8:      layout_basic, grunt_temple_overflow_forces_of_nature, serial_curves,
          eino_curves_03, eino_curves_04
D:9:      layout_basic, mainiacjoe_overflow_alcove_4, erik_lair_orcish_takeover,
          uniq_grum
D:10:     layout_gridville, kennysheep_little_box, led_sif_book,
          nicolae_trove_entry_isolated
D:11:     layout_roguey, slow_altar_1, uniq_erolcha
D:12:     layout_long_grid, david_orc_3, uniq_kirke
D:13:     layout_cave_pools, david_vaults_2
D:14:     layout_loops_ring, fedhas_altar_1
D:15:     hangedman_depths_entry_try_elsewhere_first, layout_long_grid,
          uniq_rupert, uniq_roxanne
Temple:   dshaligram_water_room_temple
Lair:1:   layout_loops_ring, portal_ice_cave_entry_pillars_1
Lair:2:   layout_loops_ring, spider_nest_entry_web_field, grunt_megastairs_4
Lair:3:   lemuel_reptile_caves, layout_cave_pods, nicolae_shoals_entry_roost,
          serial_bayou_crossing
Lair:4:   layout_roguey, nicolae_slime_entry_field_trip, special_room
          [special_room_bee]
Lair:5:   grunt_lair_end_beastmaster, layout_regular_city,
          gammafunk_ghost_arena, serial_bayou_pond_a,
          infiniplex_staircase_pool_2

Skill      XL: |  1  2  3  4  5  6  7  8  9 10 11 12 13 14 15 |
---------------+----------------------------------------------+-----
Axes           | 2 3 4 5 6 7 8 9 11 12 13 14 16 17 | 17.2
Dodging        | 1 2 3 |  3.1
Fighting       | 4 5 6 7 8 9 10 11 12 13 | 13.0
Invocations    | 4 7 10 | 10.0
Armour         | 4 6 8 9 10 12 | 12.0
Shields        | 4 5 6 7 8 |  8.1
Throwing       | 3 4 5 |  5.2

Action                     |  1- 3 |  4- 6 |  7- 9 | 10-12 | 13-15 || total
---------------------------+-------+-------+-------+-------+-------++-------
  Melee: War axe           |    72 |    91 |       |       |       ||   163
         Hand axe          |       |    49 |   243 |   383 |   175 ||   850
         Flail             |       |       |       |     3 |    11 ||    14
         Broad axe         |       |       |       |       |  1019 ||  1019
  Throw: Boomerang         |       |    10 |       |       |    40 ||    50
         Javelin           |       |       |       |    10 |   101 ||   111
 Invoke: Heroism           |       |       |     9 |    18 |    29 ||    56
         Finesse           |       |       |       |     1 |     8 ||     9
    Use: Scroll            |     3 |     5 |    10 |     2 |     8 ||    28
         Potion            |       |     2 |       |     4 |     6 ||    12
   Stab: Petrified         |       |       |       |       |     9 ||     9
         Petrifying        |       |       |       |       |     4 ||     4
         Confused          |       |       |       |       |     2 ||     2
 Armour: Scale mail        |    21 |    89 |    49 |       |       ||   159
         Chain mail        |       |       |    47 |       |       ||    47
         Plate armour      |       |       |    10 |   207 |   596 ||   813
  Dodge: Dodged            |    19 |    72 |   125 |   222 |   510 ||   948
  Block: Buckler           |     8 |    29 |    50 |    68 |   274 ||   429

Table legend:
 A = Non-vault XP
 B = Vault XP
 C = Vault XP percentage of total XP
 D = Non-vault monster count
 E = Vault monster count
 F = Vault count percentage of total count
                 A         B        C        D         E       F
            +---------+---------+-------+---------+---------+-------
      Total |   87625 |   28222 |  24.4 |     458 |     158 |  25.6
            +---------+---------+-------+---------+---------+-------
        D:1 |      37 |       5 |  11.9 |      15 |       5 |  25.0
        D:2 |     127 |      37 |  22.6 |      29 |       1 |   3.3
        D:3 |      66 |       0 |   0.0 |      16 |       0 |   0.0
        D:4 |     287 |     416 |  59.2 |      17 |      22 |  56.4
        D:5 |     869 |     119 |  12.0 |      26 |       3 |  10.3
        D:6 |     707 |     124 |  14.9 |      22 |       1 |   4.3
        D:7 |    1173 |     209 |  15.1 |      25 |       2 |   7.4
        D:8 |    2153 |       0 |   0.0 |      41 |       0 |   0.0
        D:9 |    1169 |    1301 |  52.7 |      24 |      14 |  36.8
       D:10 |    3522 |      71 |   2.0 |      17 |       2 |  10.5
       D:11 |    4419 |     879 |  16.6 |      26 |       2 |   7.1
       D:12 |    2910 |    2505 |  46.3 |      16 |      13 |  44.8
       D:13 |    5772 |    1608 |  21.8 |      11 |       3 |  21.4
       D:14 |    9022 |       0 |   0.0 |      18 |       0 |   0.0
       D:15 |   13424 |    4205 |  23.9 |      27 |       5 |  15.6
     Lair:1 |    4753 |       0 |   0.0 |      19 |       0 |   0.0
     Lair:2 |    5934 |    1319 |  18.2 |      25 |       7 |  21.9
     Lair:3 |    9761 |    3794 |  28.0 |      30 |      30 |  50.0
     Lair:4 |    6345 |    2630 |  29.3 |      20 |      28 |  58.3
     Lair:5 |   14988 |    9000 |  37.5 |      33 |      20 |  37.7
    Abyss:2 |     187 |       0 |   0.0 |       1 |       0 |   0.0
            +---------+---------+-------+---------+---------+-------
